AoeStats
← ErisFeet

Arabia

508806680Analyzed
1v1 RM · 10d ago on Sep 24, 2026· 37m 53s· 2 players
Game mode
Random Map
Map size
Tiny (2 player)
Population
200
Speed
Normal
Resources
Standard
Victory
Conquest
Starting age
Dark Age
Ending age
Imperial Age
RankedLock teamsTeams togetherTeam positionsShared explorationLock speedFull tech treeHidden civsTurbo modeCheats
Victory
Defeat
🇹🇼 Franks · Taiwan
1191
+16
🇨🇦 Ethiopians · Canada
1193
-16
larryluo72
6:28 Loom
9:05 Feudal Age
10:05 Double-Bit Axe
17:42 Padded Archer Armor
22:17 Castle Age
20:40 Gold Mining
20:59 Scale Barding Armor
22:11 Forging
23:05 Husbandry
23:32 Chain Barding Armor
32:39 Wheelbarrow
37:32 Imperial Age
35:59 Iron Casting
ErisFeet
7:15 Loom
9:30 Feudal Age
9:57 Double-Bit Axe
11:14 Town Watch
16:59 Fletching
16:58 Horse Collar
21:08 Castle Age
20:12 Padded Archer Armor
20:57 Scale Barding Armor
20:56 Gold Mining
21:11 Crossbowman
22:16 Bow Saw
22:39 Bodkin Arrow
24:51 Gold Shaft Mining
27:23 Chain Barding Armor
27:41 Wheelbarrow
27:53 Forging
29:31 Iron Casting
30:04 Husbandry
32:00 Heavy Plow
32:19 Hand Cart
Connection lost

Rejoining the realm…

Still unreachable

The connection could not be restored.

Session expired

The server has moved on; the page needs a fresh start.